 Dungeon Crawl Stone Soup version 0.28-a0-1555-g9ae15a6949 (webtiles) character file.

Game seed: 372008528291981574

24 Pin the Chopper (level 3, 31/31 HPs)
             Began as a Hill Orc Monk on Jan 19, 2022.
             Was an Initiate of Ashenzari.
             Quit the game on level 1 of the Dungeon.
             The game lasted 00:01:53 (1008 turns).

Pin the Chopper (Hill Orc Monk)                     Turns: 1008, Time: 00:01:53

Health: 31/31      AC:  2    Str: 15    XL:     3   Next: 2%
Magic:  3/3        EV: 12    Int: 10    God:    Ashenzari [......]
Gold:   26         SH:  0    Dex: 13    Spells: 2/2 levels left

rFire   . . .      SeeInvis .   a - +0 hand axe "Astrological Insecurity" {Alch, Range} (curse)
rCold   . . .      Faith    .   (no shield)
rNeg    . . .      Spirit   .   b - +0 robe
rPois   .          Reflect  .   (no helmet)
rElec   .          Harm     .   (no cloak)
rCorr   .          Rampage  .   (no gloves)
Will    .....                   (no boots)
Stlth   ++........              (no amulet)
HPRegen 0.10/turn               (no ring)
MPRegen 0.08/turn               (no ring)

@: no status effects
A: no striking features
a: Renounce Religion, Shatter the Chains


You were on level 1 of the Dungeon.
You worshipped Ashenzari.
Ashenzari was noncommittal.
You visited 1 branch of the dungeon, and saw 1 of its levels.

You collected 26 gold pieces.

Inventory:

Hand Weapons
 a - the cursed +0 hand axe "Astrological Insecurity" (weapon) {Alch, Range}

   It has a curse which improves the following skills: Alchemy: Poison Magic and
   Transmutations.
   Ranged Combat: Slings, Bows, Crossbows and Throwing.
Armour
 b - a +0 robe (worn)
Scrolls
 d - a scroll of fog {unknown}
Potions
 c - a potion of lignification {unknown}
 e - 2 potions of curing {unknown}


   Skills:
 - Level 3.6 Fighting
 - Level 4.0 Axes
 + Level 2.8 Armour
 - Level 2.4 Dodging
 - Level 1.5 Stealth


You had 2 spell levels left.
You didn't know any spells.
Your spell library was empty.

Dungeon Overview and Level Annotations

Branches:
Dungeon (1/15)

Altars:
Ashenzari


Message History

There is an open door here.
There is an open door here.
There is an open door here.
There is an open door here.
A ball python comes into view.
The ball python barely misses you. The ball python closely misses you.
You hit the ball python.
You kill the ball python!
You have reached level 3!
Your experience leads to an increase in your attributes!
Increase (S)trength, (I)ntelligence, or (D)exterity?
You feel stronger. x2
You see here a ball python corpse.
Found a long sword.
Found 21 arrows.
You see here a ball python corpse.
A rat comes into view.
You slash the rat!
You kill the rat!
No target in view!
No target in view!
No target in view!
No target in view!
No target in view!
No target in view!
No target in view!
No target in view!
No target in view!
No target in view!
No target in view!
You see here a rat corpse.
Found a faded altar of an unknown god.
There is a faded altar of an unknown god here.
You cannot tell which god this altar belongs to.
Convert to them anyway?
Ashenzari accepts your prayer! Ashenzari welcomes you!
Ashenzari invites you to partake of a vision and a curse of alchemy and ranged combat.
Ashenzari warns you of distant threats and treasures.
Ashenzari reveals the structure of the dungeon to you.
Ashenzari shows you where magical portals lie.
Your +0 hand axe glows black for a moment.
Are you sure you want to abandon this character and quit the game? (Confirm with "yes".)

#.........##..##......
####.......##........#
#.......####...)..#
#..................
#.......#####......
#..)...............
#.......#####......
#.......# #......
#.@.....# ###..##
######### ##..# #####
##.# #)..###### #.#
#...##...########.#
#..............##.#
#...#........#...†.
#..(########...##.#
##### ###..#.#


There were no monsters in sight!

Vanquished Creatures
  An endoplasm (D:1)
  A goblin (D:1)
  2 hobgoblins (D:1)
  4 jackals (D:1)
  2 kobolds (D:1)
  3 quokkas (D:1)
  2 ball pythons (D:1)
  2 bats (D:1)
  3 frilled lizards (D:1)
  2 rats (D:1)
22 creatures vanquished.

Notes
Turn   | Place    | Note
-------+----------+-------------------------------------------
     0 | D:1      | Pin the Hill Orc Monk began the quest for the Orb.
     0 | D:1      | Reached XP level 1. HP: 19/19 MP: 1/1
    72 | D:1      | Reached skill level 1 in Armour
   228 | D:1      | Reached XP level 2. HP: 22/26 MP: 2/2
   879 | D:1      | Reached XP level 3. HP: 31/31 MP: 3/3
   998 | D:1      | Found a faded altar of an unknown god.
  1006 | D:1      | Prayed at the altar of an unknown god.
  1006 | D:1      | Became a worshipper of Ashenzari the Shackled
  1008 | D:1      | Quit the game

Illustrated notes

Levels and vault maps discovered:
D:1:      roderic_octagonal_star, layout_rooms, basic_ecumenical_altar,
          minmay_fountain_box

Skill      XL: |  1  2 |
---------------+-------+-----
Armour         | 1 2 |  2.8
Fighting       | |  3.6
Axes           | |  4.0
Dodging        | |  2.4
Stealth        | |  1.5

Action                   || total
-------------------------++-------
Melee: Hand axe          ||    55
Invok: Curse Item        ||     1
 Stab: Sleeping          ||     4
Armor: Robe              ||     9
Dodge: Dodged            ||    46

Table legend: (Time is in decaauts)
 A = Elapsed time spent in this place.
 B = Non-inter-level travel time spent in this place.
 C = Inter-level travel time spent in this place.
 D = Time resting spent in this place.
 E = Time spent auto-exploring this place.
 F = Levels seen in this place.
 G = Mean time per level.
                   A        B        C        D        E       F      G
               +--------+--------+--------+--------+--------+-----+--------+
         Total |   1013 |   1013 |      0 |      0 |    873 |   1 | 1013.0 |
       Dungeon |   1013 |   1013 |      0 |      0 |    873 |   1 | 1013.0 |
               +--------+--------+--------+--------+--------+-----+--------+

Top non-repeatable levels by time:
     D:1: 1013 daAuts
